 Dungeon Crawl Stone Soup version 0.25-a0-571-gb5e01bddfa (webtiles) character file.

Game seed: 7409596401611494652, levelgen mode: classic

14210 EnegeticOcto the Cleaver (level 11, -1/106 HPs)
             Began as a Deep Dwarf Fighter on Feb 29, 2020.
             Was a Priest of Makhleb.
             Slain by an 11-headed hydra (10 damage)
             ... on level 14 of the Dungeon.
             The game lasted 00:06:13 (7305 turns).

EnegeticOcto the Cleaver (Deep Dwarf Fighter)       Turns: 7305, Time: 00:06:14

Health: -1/106     AC: 14    Str: 27    XL:     11   Next: 85%
Magic:  5/5        EV:  8    Int:  8    God:    Makhleb [***...]
Gold:   413        SH: 18    Dex: 12    Spells: 10/10 levels left

rFire    . . .     SeeInvis +   a - +1 war axe
rCold    . . .     Gourm    .   p - +0 tower shield
rNeg     . . .     Faith    .   l - +0 chain mail
rPois    .         Spirit   .   (no helmet)
rElec    .         Reflect  .   i - +0 cloak
rCorr    +         Harm     .   b - +1 pair of gloves {Str+3}
MR       +....                  (no boots)
Stlth    ..........             (no amulet)
HPRegen  0.00/turn              v - ring of resist corrosion
MPRegen  0.09/turn              h - ring "Iteheef" {+Inv SInv}

@: non-regenerating
A: damage resistance, heal wounds, sense surroundings 2, no regeneration
a: Heal Wounds, Minor Destruction, Lesser Servant of Makhleb, Renounce Religion,
Evoke Invisibility


You were on level 14 of the Dungeon.
You worshipped Makhleb.
Makhleb was most pleased with you.
You were not hungry.

You visited 2 branches of the dungeon, and saw 15 of its levels.

You collected 638 gold pieces.
You spent 225 gold pieces at shops.

Inventory:

Hand Weapons
 a - a +1 war axe (weapon)
 x - a +1 whip of distortion
Missiles
 s - a throwing net (quivered)
Armour
 b - a +1 pair of gloves of strength (worn)
 c - a +1 kite shield
 i - a +0 cloak (worn)
 l - a +0 chain mail (worn)
 p - a +0 tower shield (worn)
Jewellery
 h - the ring "Iteheef" (right hand) {+Inv SInv}
   (You took it off a wizard on level 11 of the Dungeon)

   [ring of see invisible]

   It lets you see invisible.
   It lets you turn invisible.
 v - a ring of resist corrosion (left hand)
Wands
 n - a wand of polymorph (5)
 o - a wand of clouds (2)
 r - a wand of flame (10)
 t - a wand of acid (22) {@v1}
 y - a wand of paralysis (7)
Scrolls
 d - 5 scrolls of remove curse {@r6}
 g - 2 scrolls of enchant weapon
 u - a scroll of enchant armour
 w - 3 scrolls of teleportation {@r2}
 z - a scroll of identify {@r1}
Potions
 f - a potion of mutation
 k - a potion of might {@q3}
 m - a potion of resistance {@q6}
 q - 3 potions of flight
Comestibles
 e - 20 rations
 j - 5 chunks of flesh


   Skills:
 * Level 9.3 Fighting
 * Level 10.6 Axes
 + Level 8.2 Armour
 - Level 6.7 Dodging
 * Level 8.7 Shields
 * Level 9.7 Invocations


You had 10 spell levels left.
You didn't know any spells.
Your spell library was empty.

Dungeon Overview and Level Annotations

Branches:
Dungeon (14/15)            Temple (1/1) D:7            Lair (0/6) D:10
    Orc (0/2) D:10
 Vaults: D:13-14

Altars:
Ashenzari
Cheibriados
Dithmenos
Elyvilon
Fedhas
Gozag
Hepliaklqana
Kikubaaqudgha
Makhleb
Nemelex Xobeh
Okawaru
Qazlal
Ru
Sif Muna
Trog
Uskayaw
Vehumet
Wu Jian
Xom
Yredelemnul
Zin
The Shining One

Shops:
D:5 [   D:8 [   D:10 [

Portals:
Trove: D:13 (show abyssal rune of Zot)


Innate Abilities, Weirdness & Mutations

You are resistant to damage.
You can heal yourself by infusing magical energy.
You passively map the area around you.
You do not regenerate.


Message History

The 11-headed hydra bites you but does no damage. x2
You block the 11-headed hydra's attack.
The 11-headed hydra bites you but does no damage.
The 11-headed hydra closely misses you. The 11-headed hydra bites you.
Your shield and chain mail prevent you from hitting the 11-headed hydra.
The 11-headed hydra is heavily wounded.
The 11-headed hydra bites you but does no damage.
The 11-headed hydra bites you. x2; The 11-headed hydra closely misses you.
The 11-headed hydra bites you. The 11-headed hydra bites you!
The 11-headed hydra bites you.
You block the 11-headed hydra's attack. x2
The 11-headed hydra bites you but does no damage.
The 11-headed hydra bites you.
A demon appears!
The 11-headed hydra barely misses you.
The 11-headed hydra completely misses you.
You block the 11-headed hydra's attack. x2; The 11-headed hydra bites you! x2
* * * LOW HITPOINT WARNING * * *
You block the 11-headed hydra's attack.
The 11-headed hydra bites you but does no damage.
The 11-headed hydra barely misses you. You block the 11-headed hydra's attack.
The 11-headed hydra bites you but does no damage.
Your orange demon stings the 11-headed hydra from afar.
You swap places.
The 11-headed hydra closely misses your orange demon.
The 11-headed hydra bites your orange demon!
The 11-headed hydra bites your orange demon.
The 11-headed hydra barely misses your orange demon.
The 11-headed hydra bites your orange demon.
The 11-headed hydra bites your orange demon! x3
Your orange demon dies!
A demon appears!
Your ynoxinul gestures.
You swap places.
The 11-headed hydra bites your ynoxinul.
The 11-headed hydra bites your ynoxinul! x3
Your ynoxinul dies!
Your ufetubus disappears in a puff of smoke! x3
You feel much better. The 11-headed hydra bites you.
The 11-headed hydra bites you!
* * * LOW HITPOINT WARNING * * *
You block the 11-headed hydra's attack. x2; The 11-headed hydra bites you!
* * * LOW HITPOINT WARNING * * *
The 11-headed hydra bites you but does no damage. x3
The 11-headed hydra bites you!
* * * LOW HITPOINT WARNING * * *
The 11-headed hydra bites you but does no damage.
The 11-headed hydra bites you!
* * * LOW HITPOINT WARNING * * *
You feel much better.
You feel much better.
You block the 11-headed hydra's attack. x2
The 11-headed hydra bites you. The 11-headed hydra barely misses you.
The 11-headed hydra bites you but does no damage. x2
You block the 11-headed hydra's attack.
The 11-headed hydra bites you but does no damage. x3
The 11-headed hydra completely misses you.
Evoke which item? (* to show all) (? for menu, Esc to quit)
Aiming: Corrosive Bolt
Press: ? - help, Shift-Dir - straight line, f - 11-headed hydra
Aim: an 11-headed hydra (moderately wounded)
The bolt of acid hits the 11-headed hydra!
The 11-headed hydra is splashed with acid.
The 11-headed hydra is heavily wounded.
The 11-headed hydra bites you. You block the 11-headed hydra's attack.
The 11-headed hydra bites you.
You block the 11-headed hydra's attack. x2
The 11-headed hydra bites you. The 11-headed hydra bites you!
You block the 11-headed hydra's attack.
The 11-headed hydra bites you but does no damage.
You block the 11-headed hydra's attack. The 11-headed hydra bites you!
Evoke which item? (* to show all) (? for menu, Esc to quit)
Aiming: Corrosive Bolt
Press: ? - help, Shift-Dir - straight line, f/p - 11-headed hydra
Aim: an 11-headed hydra (heavily wounded)
The bolt of acid hits the 11-headed hydra!
The 11-headed hydra is splashed with acid!
The acid corrodes the 11-headed hydra!
The 11-headed hydra is severely wounded.
You block the 11-headed hydra's attack. The 11-headed hydra bites you!
* * * LOW HITPOINT WARNING * * *
You block the 11-headed hydra's attack. x2; The 11-headed hydra bites you.
The 11-headed hydra bites you but does no damage.
The 11-headed hydra bites you!
* * * LOW HITPOINT WARNING * * *
The 11-headed hydra bites you but does no damage. x2
The 11-headed hydra closely misses you.
The 11-headed hydra bites you but does no damage.
Evoke which item? (* to show all) (? for menu, Esc to quit)
Aiming: Corrosive Bolt
Press: ? - help, Shift-Dir - straight line, f/p - 11-headed hydra
Aim: an 11-headed hydra (severely wounded, covered in acid)
The bolt of acid hits the 11-headed hydra!
The 11-headed hydra is splashed with acid.
The 11-headed hydra is almost dead.
You block the 11-headed hydra's attack. x2; The 11-headed hydra bites you.
You block the 11-headed hydra's attack. The 11-headed hydra bites you!
* * * LOW HITPOINT WARNING * * *
The 11-headed hydra closely misses you.
The 11-headed hydra bites you but does no damage.
The 11-headed hydra bites you.
* * * LOW HITPOINT WARNING * * *
The 11-headed hydra barely misses you. x2; The 11-headed hydra bites you!
You die...

, ##...######.# *
, * #...รท......#
, ,, #...########
* * * *
###........# ,
#.######.# * #.# *
, *######.#####*
,* ............#
,,, #######.###@#
#.# #D# ** ** #.#
#.# *, #.#
#.#############. ,
* #.#
#...............
,,, ,, ..#
################,*
## * *


You could see a 11-headed hydra.

Vanquished Creatures
  4 two-headed ogres
  2 unseen horrors (D:11)
  A wizard (D:11)
  A deep elf mage (D:14)
  A cyclops (D:11)
  3 ugly things
  A manticore (D:12)
  2 gargoyles (D:12)
  A komodo dragon (D:14)
  3 trolls
  A hornet (D:13)
  2 hippogriffs
  A wyvern (D:10)
  2 wraiths
  Eustachio (D:6)
  4 yaks (D:9)
  2 basilisks (D:10)
  An acid dragon (D:10)
  4 orc warriors
  2 necrophages (D:11)
  2 eyes of draining
  2 sky beasts (D:7)
  2 phantoms
  2 centaurs (D:12)
  2 ogres
  A crocodile (D:10)
  4 big kobolds
  3 bullfrogs
  A water moccasin zombie (D:11)
  2 scorpions (D:7)
  5 killer bees (D:9)
  A vampire bat (D:5)
  3 howler monkeys
  8 crimson imps
  2 bullfrog zombies
  6 hounds
  A centaur zombie (D:12)
  6 jellies
  4 orc priests
  A bullfrog skeleton (D:11)
  2 iguanas
  14 orc wizards
  Ijyb (D:5)
  9 worker ants
  A hound skeleton (D:6)
  A worker ant zombie (D:6)
  5 adders
  4 gnolls (D:9)
  4 shadow imps
  7 oozes
  An adder skeleton (D:7)
  2 dart slugs (D:1)
  3 fire bats (D:5)
  2 leopard geckos
  43 orcs
  2 spectral bats (D:5)
  A ball python (D:4)
  14 bats
  A bat simulacrum (D:5)
  3 bat skeletons (D:5)
  2 bat zombies
  2 giant cockroaches (D:4)
  A goblin (D:1)
  10 jackals
  14 kobolds
  2 quokkas
  A frilled lizard (D:4)
  A leopard gecko skeleton (D:4)
  2 rats (D:1)
252 creatures vanquished.

Vanquished Creatures (collateral kills)
  A wraith (D:13)
  3 kobolds (D:13)
4 creatures vanquished.

Vanquished Creatures (others)
  8 fungi (D:6)
8 creatures vanquished.

Grand Total: 264 creatures vanquished

Notes
Turn   | Place    | Note
-------+----------+-------------------------------------------
     0 | D:1      | EnegeticOcto the Deep Dwarf Fighter began the quest for the
                  | Orb.
     0 | D:1      | Reached XP level 1. HP: 20/20 MP: 1/1
    70 | D:1      | Reached XP level 2. HP: 22/27 MP: 2/2
   165 | D:4      | Noticed a howler monkey
   171 | D:4      | Killed a howler monkey
   171 | D:4      | Reached skill level 3 in Axes
   171 | D:4      | Reached skill level 1 in Dodging
   171 | D:4      | Reached XP level 3. HP: 28/34 MP: 3/3
   208 | D:4      | Reached XP level 4. HP: 27/42 MP: 4/4
   243 | D:5      | Entered Level 5 of the Dungeon
   284 | D:5      | Noticed Ijyb
   295 | D:5      | Killed Ijyb
   295 | D:5      | Reached XP level 5. HP: 46/49 MP: 5/5
   573 | D:5      | Reached skill level 4 in Axes
   580 | D:5      | Reached XP level 6. HP: 47/57 MP: 6/6
   838 | D:5      | Found Qiack's Antique Armour Boutique.
  1148 | D:4      | Reached XP level 7. HP: 46/66 MP: 7/7
  1289 | D:4      | Reached skill level 5 in Axes
  1819 | D:6      | Reached skill level 5 in Fighting
  1904 | D:6      | Noticed Eustachio
  1914 | D:6      | Reached skill level 5 in Armour
  1952 | D:6      | Killed Eustachio
  1952 | D:6      | Reached skill level 5 in Shields
  1952 | D:6      | Reached XP level 8. HP: 64/74 MP: 5/5
  2238 | D:6      | Reached skill level 6 in Axes
  2411 | D:7      | Noticed a hippogriff
  2426 | D:7      | Killed a hippogriff
  2723 | D:7      | Reached skill level 7 in Axes
  2736 | D:7      | Found an ancient bone altar of Kikubaaqudgha.
  2824 | D:7      | Found a shadowy altar of Dithmenos.
  2843 | D:7      | Found a staircase to the Ecumenical Temple.
  2929 | Temple   | Entered the Ecumenical Temple
  3045 | Temple   | Became a worshipper of Makhleb the Destroyer
  3162 | D:8      | Reached skill level 1 in Invocations
  3297 | D:8      | Reached * piety under Makhleb
  3304 | D:8      | Gained mutation: You passively map the area around you.
                  | [Deep Dwarf growth]
  3304 | D:8      | Reached XP level 9. HP: 58/82 MP: 6/6
  3788 | D:8      | Found Gump's Antique Armour Shop.
  3796 | D:8      | Bought a pair of runed gloves for 225 gold pieces
  4190 | D:9      | Reached skill level 5 in Dodging
  4197 | D:9      | Reached skill level 8 in Axes
  4579 | D:10     | Entered Level 10 of the Dungeon
  4607 | D:10     | Found a staircase to the Orcish Mines.
  4607 | D:10     | Found Hulak's Armour Boutique.
  4612 | D:10     | Reached ** piety under Makhleb
  4672 | D:10     | Reached skill level 5 in Invocations
  4805 | D:10     | Reached XP level 10. HP: 78/94 MP: 6/8
  4883 | D:10     | Found a staircase to the Lair.
  5200 | D:11     | Noticed a two-headed ogre
  5221 | D:11     | Killed a two-headed ogre
  5357 | D:11     | Noticed a two-headed ogre
  5371 | D:11     | Killed a two-headed ogre
  5371 | D:11     | Reached skill level 9 in Axes
  5426 | D:11     | Noticed a red ugly thing
  5428 | D:11     | Noticed a cyclops
  5429 | D:11     | Identified the ring "Iteheef" {+Inv SInv}
  5429 | D:11     | Noticed a wizard
  5450 | D:11     | Killed a red ugly thing
  5451 | D:11     | Killed a cyclops
  5452 | D:11     | Killed a wizard
  5477 | D:11     | Noticed an unseen horror
  5478 | D:11     | Killed an unseen horror
  5478 | D:11     | Reached XP level 11. HP: 55/104 MP: 6/6
  5558 | D:11     | Noticed a two-headed ogre
  5613 | D:11     | Killed a two-headed ogre
  5674 | D:11     | Noticed an unseen horror
  5690 | D:11     | Killed an unseen horror
  5690 | D:11     | Reached *** piety under Makhleb
  6024 | D:12     | Noticed a green ugly thing
  6050 | D:12     | Killed a green ugly thing
  6050 | D:12     | Reached skill level 10 in Axes
  6179 | D:12     | Found a sacrificial altar of Ru.
  6839 | D:13     | Noticed a two-headed ogre
  6843 | D:13     | Killed a two-headed ogre
  6937 | D:13     | Noticed a brown ugly thing
  6939 | D:13     | Found a portal to a secret trove of treasure.
  6961 | D:13     | Killed a brown ugly thing
  7162 | D:13     | Paralysed by a hornet for 1 turns
  7242 | D:14     | Noticed a deep elf mage
  7249 | D:14     | Killed a deep elf mage
  7280 | D:14     | Noticed an eight-headed hydra
  7305 | D:14     | Slain by an 11-headed hydra

Levels and vault maps discovered:
D:1:      minmay_arrival_wavy_path, layout_basic
D:2:      layout_basic, first_ration, chequers_serial_rivers_large_b,
          uniq_robin, uniq_jessica, uniq_crazy_yiuf_cottage
D:3:      layout_basic, gammafunk_ghost_stat_death,
          kennysheep_decorative_pillar, kennysheep_slug_shrine
D:4:      layout_loops_ring, wad_floor_pattern_2
D:5:      layout_loops_ring, serial_shops, shop, goddamned_bats, uniq_ijyb
D:6:      layout_basic, serial_aquarium, aquarium_bridge_island_small
          [aquarium_subvault_small_open, aquarium_subvault_wall,
          aquarium_subvault_wall, aquarium_subvault_window,
          aquarium_subvault_bridge], aquarium_window_2, aquarium_window_corner,
          aquarium_view_2b, aquarium_pool_2,
          minmay_a_box_with_orc_wizards_in_it, uniq_eustachio
D:7:      layout_rooms, lemuel_zombie_altar_kikubaaqudgha,
          minmay_temple_entry_overgrown, nicolae_dithmenos_shadow_blocks
D:8:      layout_basic, serial_shops, shop, hangedman_little_slice_of_home,
          minmay_misc_feat_tiny
D:9:      layout_loops_ring
D:10:     layout_rooms, erik_lair_dragon, orc_david_3
D:11:     minmay_wavy_crystal, layout_basic
D:12:     layout_cave_pods, basic_altar
D:13:     layout_rooms, nicolae_trove_entry_crossroad
D:14:     layout_loops_ring, david_vaults_3, chequers_serial_rivers_micro_c
Temple:   kilobyte_greek_temple

Skill      XL: |  1  2  3  4  5  6  7  8  9 10 11 |
---------------+----------------------------------+-----
Fighting       | 3 4 5 6 7 8 9 |  9.3
Axes           | 3 4 5 7 8 9 10 | 10.6
Dodging        | 1 2 3 4 5 6 |  6.7
Shields        | 4 5 6 7 8 |  8.7
Armour         | 4 5 6 7 8 |  8.2
Invocations    | 1 5 7 9 |  9.7

Action                   |  1- 3 |  4- 6 |  7- 9 | 10-12 || total
-------------------------+-------+-------+-------+-------++-------
Melee: War axe           |    52 |   147 |   479 |   410 ||  1088
Invok: Lesser Servant of |       |       |       |     4 ||     4
 Abil: Heal Wounds       |       |     1 |    22 |    29 ||    52
Evoke: Wand              |       |       |       |     3 ||     3
  Use: Scroll            |       |     2 |    10 |     8 ||    20
       Potion            |       |       |       |     2 ||     2
  Eat: Chunk             |       |     1 |    10 |     9 ||    20
       Ration            |       |       |     1 |       ||     1
Armor: Scale mail        |    31 |    88 |       |       ||   119
       Chain mail        |       |     1 |   278 |   184 ||   463
Dodge: Dodged            |    23 |    96 |   150 |   157 ||   426
Block: Kite shield       |    33 |   115 |   330 |   172 ||   650
       Tower shield      |       |       |       |   202 ||   202

Table legend:
 A = Non-vault XP
 B = Vault XP
 C = Vault XP percentage of total XP
 D = Non-vault monster count
 E = Vault monster count
 F = Vault count percentage of total count
                 A         B        C        D         E       F
            +---------+---------+-------+---------+---------+-------
      Total |   16483 |    3817 |  18.8 |     205 |      51 |  19.9
            +---------+---------+-------+---------+---------+-------
        D:1 |      18 |       0 |   0.0 |       8 |       0 |   0.0
        D:2 |      11 |       0 |   0.0 |       4 |       0 |   0.0
        D:4 |     383 |       0 |   0.0 |      17 |       0 |   0.0
        D:5 |     316 |     215 |  40.5 |      10 |      21 |  67.7
        D:6 |     276 |     362 |  56.7 |      18 |       5 |  21.7
        D:7 |     900 |       2 |   0.2 |      11 |       1 |   8.3
        D:8 |     182 |     166 |  47.7 |      16 |       8 |  33.3
        D:9 |    1816 |       0 |   0.0 |      37 |       0 |   0.0
       D:10 |     355 |    1125 |  76.0 |       8 |      13 |  61.9
       D:11 |    5892 |    1947 |  24.8 |      38 |       3 |   7.3
       D:12 |    3196 |       0 |   0.0 |      19 |       0 |   0.0
       D:13 |    2240 |       0 |   0.0 |      17 |       0 |   0.0
       D:14 |     898 |       0 |   0.0 |       2 |       0 |   0.0
            +---------+---------+-------+---------+---------+-------
